 Dungeon Crawl Stone Soup version 0.18-a0-1202-g796ae12 (webtiles) character file.

76385 Reinor the Devastator (level 15, -2/78 HPs)
             Began as a Deep Elf Conjurer on Jan 31, 2016.
             Was a High Priest of Vehumet.
             Slain by an eight-headed hydra (8 damage)
             ... on level 8 of the Lair of Beasts.
             The game lasted 02:14:25 (19914 turns).

Reinor the Devastator (Deep Elf Conjurer)          Turns: 19914, Time: 02:14:25

Health: -2/78      AC: 14    Str:  5    XL:     15   Next: 12%
Magic:  0/48       EV: 13    Int: 36    God:    Vehumet [*****.]
Gold:   1355       SH:  0    Dex: 15    Spells: 8 memorised, 3 levels left

rFire  + . .     SeeInvis .     a - staff of power
rCold  . . .     Gourm    .     Z - +2 robe {rF+}
rNeg   . . .     Faith    .     (no shield)
rPois  .         Spirit   +     g - +1 helmet
rElec  .         Dismiss  .     H - +1 cloak
rCorr  .         Reflect  .     s - +2 pair of gloves "Eroez" {Int+3}
SustAt .         Harm     .     J - +2 pair of boots
MR     +....                    r - amulet of guardian spirit
Stlth  ++........               u - ring of wizardry
                                m - +4 ring of intelligence

@: somewhat resistant to hostile enchantments, unstealthy
A: clever 1
a: Renounce Religion


You were on level 8 of the Lair of Beasts.
You worshipped Vehumet.
Vehumet was extremely pleased with you.
You were hungry.

You visited 3 branches of the dungeon, and saw 21 of its levels.
You also visited: Sewer, Ossuary and Volcano.

You collected 1355 gold pieces.

Inventory:

Hand Weapons
 L - a +3 blowgun
Missiles
 A - 87 poisoned needles
 R - 10 curare-tipped needles
Armour
 g - a +1 helmet (worn)
 s - the +2 pair of gloves "Eroez" (worn) {Int+3}
   (You found it on level 4 of the Dungeon)

   It affects your intelligence (+3).
 F - a +0 robe of positive energy
 H - a +1 cloak (worn)
 J - a +2 pair of boots (worn)
 Z - a +2 robe of fire resistance (worn)
Magical Staves
 a - an uncursed staff of power (weapon)
 T - an uncursed staff of conjuration
 X - an uncursed staff of energy
Jewellery
 b - an uncursed ring of fire
 d - an uncursed ring of fire
 m - a +4 ring of intelligence (left hand)
 r - an amulet of guardian spirit (around neck)
 t - an uncursed ring of resist corrosion
 u - a ring of wizardry (right hand)
 U - an uncursed ring of teleportation
Wands
 S - a wand of digging (24/24)
Scrolls
 k - 6 scrolls of fog
 l - 2 scrolls of holy word
 n - a scroll of enchant armour
 p - 7 scrolls of teleportation
 y - a scroll of enchant weapon
 B - a scroll of recharging
 C - 5 scrolls of immolation
 D - 6 scrolls of identify
 E - 2 scrolls of blinking
 I - 7 scrolls of remove curse
 M - 2 scrolls of fear
Potions
 e - 8 potions of agility
 i - 6 potions of curing
 j - 2 potions of heal wounds
 o - 3 potions of cancellation
 q - 2 potions of haste
 K - 3 potions of flight
 O - 2 potions of lignification
 P - 3 potions of invisibility
 V - a potion of brilliance
 W - a potion of cure mutation
Books
 x - a book of Annihilations

   Spells                             Type                      Level
   a - Poison Arrow                   Conjuration/Poison           6
   b - Chain Lightning                Conjuration/Air              8
   c - Lehudib's Crystal Spear        Conjuration/Earth            8
   d - Glaciate                       Conjuration/Ice              9
   e - Fire Storm                     Conjuration/Fire             9
 N - a book of Power

   Spells                             Type                      Level
   a - Fulminant Prism                Conjuration/Hexes            4
   b - Iskenderun's Mystic Blast      Conjuration                  4
   c - Venom Bolt                     Conjuration/Poison           5
   d - Bolt of Magma                  Conjuration/Fire/Earth       5
   e - Iron Shot                      Conjuration/Earth            6
   f - Orb of Destruction             Conjuration                  7
   g - Spellforged Servitor           Conjuration/Summoning        7
Miscellaneous
 Q - a crystal ball of energy
Comestibles
 c - 4 bread rations
 f - 4 meat rations
 h - 18 royal jellies
 v - 3 slices of pizza
 w - 22 fruits
 z - 6 chunks of flesh
 G - 8 beef jerkies


   Skills:
 + Level 3.2 Fighting
 - Level 6.0 Staves
 - Level 2.4 Dodging
 - Level 2.4 Stealth
 - Level 12.3 Spellcasting
 - Level 18.0 Conjurations
 - Level 0.3 Hexes
 - Level 11.0 Charms
 + Level 13.6 Fire Magic


You had 3 spell levels left.
You knew the following spells:

 Your Spells              Type           Power        Failure   Level  Hunger
b - Iskenderun's Battles  Conj/Chrm      #######.     1%          5    None
c - Dazzling Spray        Conj/Hex       ######..     1%          3    None
d - Bolt of Fire          Conj/Fire      #######...   1%          6    ###....
e - Iskenderun's Mystic   Conj           ########     0%          4    None
f - Shock                 Conj/Air       ####         1%          1    None
g - Throw Flame           Conj/Fire      ######       0%          2    None
h - Fire Storm            Conj/Fire      #######...   45%         9    #######
i - Irradiate             Conj/Trmt      ######....   1%          5    None


Dungeon Overview and Level Annotations

Branches:
Dungeon (12/15)            Temple (1/1) D:5            Lair (8/8) D:8
  Swamp (0/4) Lair:4        Snake (0/4) Lair:4        Slime (0/6) Lair:6
    Orc (0/2) D:9

Altars:
Ashenzari
Cheibriados
Dithmenos
Elyvilon
Fedhas
Gozag
Kikubaaqudgha
Makhleb
Nemelex Xobeh
Okawaru
Pakellas
Qazlal
Ru
Sif Muna
Trog
Vehumet
Xom
Yredelemnul
Zin
The Shining One

Shops:
D:4 =   D:6 ?   D:11 %


Innate Abilities, Weirdness & Mutations

Your mind is acute. (Int +2)


Message History

You feel your power returning.
Your battlesphere fires!
The barrage of energy hits the eight-headed hydra.
The eight-headed hydra is moderately wounded.
Casting: Dazzling Spray
Confirm with . or Enter, or press ? or * to list all spells.
Aiming: Dazzling Spray
Press: ? - help, Shift-Dir - straight line, f/p - eight-headed hydra
Aim: an eight-headed hydra (lightly wounded)
The spray of energy hits the eight-headed hydra.
The eight-headed hydra is moderately wounded.
The eight-headed hydra is dazzled.
The spray of energy hits the plant.
The plant is lightly damaged.
Your battlesphere fires!
The barrage of energy hits the eight-headed hydra.
The eight-headed hydra is heavily wounded.
The eight-headed hydra bites you!
* * * LOW HITPOINT WARNING * * *
The eight-headed hydra bites you!
You die...

#P..##PP##.P..........P.#...
#.P.#.P.####P.........P.....
###.#......#.........PPPPP...
###......#..#..........P....
#........#.....P..........##
#................*......P..#.
####..........................P
##.PP.P.........................
#P..PPP.........@D..............
P.P..PP....≈.≈≈≈≈...............
.....PPP...≈≈≈≈≈≈≈..#P.........#
.P...PPPP.≈≈≈≈≈≈≈≈.###......#..
.....PPP.≈≈≈≈≈≈≈≈≈≈≈#.#....#.#
P.....PP.≈≈≈≈≈≈≈≈≈≈≈≈...†.####
.........≈≈≈≈≈.≈≈≈≈≈#.##..#.#
.........≈≈≈≈.....≈.####..P.#
##..)......≈......P.##......#


You could see an eight-headed hydra (blind) and a friendly battlesphere.

Vanquished Creatures
  Snorg (Lair:6)
  6 hydras
  A centaur warrior (Volcano)
  Sonja (Lair:2)
  A hill giant (D:11)
  Maurice (D:8)
  5 black mambas
  Psyche (D:12)
  9 spiny frogs
  6 elephants (Lair:4)
  3 centaur skeletons
  A yaktaur (Volcano)
  8 komodo dragons
  8 fire drakes
  A queen bee (Lair:6)
  21 blink frogs
  A troll (D:10)
  A slime creature (Lair:2)
  2 two-headed ogres (D:8)
  A boulder beetle (Lair:8)
  The ghost of runewalsh the Chiller, an amateur OpIE (D:5)
  29 yaks
  A wyvern (D:11)
  Eustachio (D:4)
  14 hippogriffs
  10 humans (Lair:4)
  2 hungry ghosts
  4 vampire mosquitoes (D:12)
  5 basilisks
  25 wolves
  A soldier ant (D:8)
  13 water moccasins
  10 porcupines
  Duvessa (D:4)
  2 orc warriors
  3 ice beasts
  4 sky beasts
  5 black bears
  3 wasps
  A necrophage (D:11)
  11 ogres
  5 centaurs
  11 crocodiles
  2 big kobolds (D:8)
  18 giant frogs
  2 gnoll sergeants
  Dowan (D:4)
  4 scorpions
  25 killer bees
  3 wights
  4 electric eels (Lair:4)
  7 crimson imps
  2 centaur zombies (Ossuary)
  A giant frog zombie (D:9)
  7 hounds
  9 jellies
  A quasit (D:8)
  A gnoll shaman (D:7)
  3 orc priests
  14 orc wizards
  3 giant frog skeletons
  7 iguanas
  A hell rat (Lair:5)
  7 worker ants
  38 sheep
  A killer bee zombie (D:11)
  A hound zombie (D:8)
  A hound skeleton (D:11)
  4 mummies (Ossuary)
  Robin (D:4)
  A worker ant zombie (D:7)
  18 gnolls
  11 adders
  76 river rats
  2 shadow imps
  18 oozes
  An adder skeleton (D:5)
  3 adder zombies
  5 worms
  5 giant geckos
  49 orcs
  6 giant cockroaches
  16 goblins
  15 hobgoblins
  10 jackals
  3 quokkas
  5 ball pythons
  8 bats
  A giant gecko skeleton (D:5)
  A giant gecko zombie (D:6)
  8 giant newts
  5 hobgoblin zombies (Ossuary)
  A jackal skeleton (D:5)
  A jackal zombie (D:6)
  14 kobolds
  2 quokka skeletons
  22 rats
  5 fungi
721 creatures vanquished.

Vanquished Creatures (collateral kills)
  A basilisk (Lair:2)
1 creature vanquished.

Vanquished Creatures (others)
  An orc (D:3)
  A bat (D:1)
  2 fungi (Lair:6)
  5 plants
9 creatures vanquished.

Grand Total: 731 creatures vanquished

Notes
Turn   | Place    | Note
--------------------------------------------------------------
     0 | D:1      | Reinor the Deep Elf Conjurer began the quest for the Orb.
     0 | D:1      | Reached XP level 1. HP: 10/10 MP: 6/6
   181 | D:1      | Found a snail-covered altar of Cheibriados.
   315 | D:1      | Reached XP level 2. HP: 15/15 MP: 4/8
   321 | D:1      | Learned a level 2 spell: Searing Ray
   412 | D:1      | Reached skill level 5 in Conjurations
   747 | D:1      | Reached XP level 3. HP: 19/19 MP: 2/9
   752 | D:1      | Learned a level 3 spell: Dazzling Spray
  1824 | D:2      | Reached XP level 4. HP: 24/24 MP: 7/12
  1868 | D:2      | Found a shimmering altar of Xom.
  2343 | D:3      | Reached skill level 6 in Conjurations
  2346 | D:3      | Found a white marble altar of Elyvilon.
  2381 | D:3      | Found a blossoming altar of Fedhas.
  2628 | D:4      | Got a pair of jewelled gloves
  2634 | D:4      | Identified the +2 pair of gloves "Eroez" {Int+3} (You found it on level 4 of the Dungeon)
  2771 | D:4      | Reached skill level 5 in Spellcasting
  2771 | D:4      | Reached XP level 5. HP: 17/28 MP: 1/14
  2776 | D:4      | Noticed Robin
  2945 | D:4      | Found a sand-covered staircase.
  2984 | Ossuary  | Entered an ossuary
  3175 | Ossuary  | Learned a level 5 spell: Iskenderun's Battlesphere
  3180 | Ossuary  | Learned a level 4 spell: Iskenderun's Mystic Blast
  3205 | Ossuary  | Reached XP level 6. HP: 28/32 MP: 4/16
  3495 | D:4      | Noticed Eustachio
  3561 | D:4      | Found a sparkling altar of Nemelex Xobeh.
  3578 | D:4      | Killed Robin
  3581 | D:4      | Noticed Duvessa
  3582 | D:4      | Noticed Dowan
  3597 | D:4      | Killed Duvessa
  3597 | D:4      | Reached skill level 7 in Conjurations
  3733 | D:4      | Found Zoampum's Jewellery Shoppe.
  3883 | D:4      | Reached XP level 7. HP: 32/36 MP: 6/18
  4001 | D:4      | Found a bloodstained altar of Trog.
  4002 | D:4      | Found an iron altar of Okawaru.
  4187 | D:4      | Killed Eustachio
  4187 | D:4      | Reached skill level 8 in Conjurations
  4187 | D:4      | Reached skill level 5 in Charms
  4261 | D:4      | Found a sacrificial altar of Ru.
  4347 | D:4      | Killed Dowan
  4378 | D:5      | Entered Level 5 of the Dungeon
  4378 | D:5      | Noticed runewalsh's ghost (amateur OpIE)
  4423 | D:5      | Found a burning altar of Makhleb.
  4608 | D:5      | Reached XP level 8. HP: 41/41 MP: 1/19
  4675 | D:5      | Found a glowing drain.
  4691 | Sewer    | Entered a sewer
  5088 | D:5      | Found a staircase to the Ecumenical Temple.
  5094 | Temple   | Entered the Ecumenical Temple
  5101 | Temple   | Became a worshipper of Vehumet
  5332 | D:5      | Killed runewalsh's ghost
  5332 | D:5      | Reached skill level 9 in Conjurations
  5508 | D:6      | Found Qacudwack's Magic Scroll Emporium.
  5767 | D:6      | Found a burning altar of Makhleb.
  5767 | D:6      | Noticed a blizzard demon
  5772 | D:6      | Noticed a smoke demon
  5772 | D:6      | Noticed a hellwing
  5826 | D:6      | Found a shattered altar of Ashenzari.
  5991 | D:6      | Reached * piety under Vehumet
  5991 | D:6      | Offered knowledge of Shock by Vehumet.
  5994 | D:6      | Reached skill level 10 in Conjurations
  6460 | D:6      | Reached XP level 9. HP: 45/45 MP: 15/20
  6477 | D:7      | Reached skill level 10 in Charms
  6960 | D:7      | Found a stormy altar of Qazlal.
  7025 | D:7      | Reached skill level 11 in Charms
  7028 | D:7      | Learned a level 1 spell: Shock
  7031 | D:7      | Gained mutation: Your mind is acute. (Int +2) [mutagenic meat]
  7032 | D:7      | Gained mutation: You are weak. (Str -2) [mutagenic meat]
  7033 | D:7      | Lost mutation: You are weak. (Str -2) [mutagenic meat]
  7116 | D:7      | Reached ** piety under Vehumet
  7116 | D:7      | Offered knowledge of Throw Flame by Vehumet.
  7364 | D:7      | Learned a level 2 spell: Throw Flame
  7672 | D:8      | Found a glowing golden altar of the Shining One.
  7779 | D:8      | Found a staircase to the Lair.
  7866 | D:8      | Noticed Maurice
  7868 | D:8      | Offered knowledge of Ignite Poison by Vehumet.
  7881 | D:8      | Killed Maurice
  7881 | D:8      | Reached XP level 10. HP: 50/50 MP: 9/24
  7907 | D:8      | Reached skill level 12 in Conjurations
  7952 | D:8      | Reached *** piety under Vehumet
  8074 | D:8      | Learned a level 9 spell: Fire Storm
  8124 | D:8      | Found a basalt altar of Yredelemnul.
  8608 | D:9      | Reached skill level 10 in Spellcasting
  8924 | D:9      | Found a staircase to the Orcish Mines.
  8932 | D:9      | Found an ancient bone altar of Kikubaaqudgha.
  9003 | D:9      | Identified Medih's Disquisition on Mutagenic Clay
  9044 | D:9      | Found an oddly glowing altar of Pakellas.
  9151 | D:9      | Offered knowledge of Airstrike by Vehumet.
  9214 | D:9      | Reached skill level 13 in Conjurations
  9655 | D:10     | Entered Level 10 of the Dungeon
 10094 | D:10     | Reached **** piety under Vehumet
 10116 | D:10     | Reached XP level 11. HP: 54/54 MP: 28/28
 10593 | D:11     | Noticed a hill giant
 10598 | D:11     | Killed a hill giant
 10825 | D:11     | Reached skill level 1 in Fire Magic
 10903 | D:11     | Offered knowledge of Inner Flame by Vehumet.
 11142 | D:11     | Found Geptus's Food Shoppe.
 11452 | D:12     | Noticed Psyche
 11456 | D:12     | Killed Psyche
 11456 | D:12     | Reached skill level 14 in Conjurations
 11576 | D:12     | Identified a scroll of acquirement
 11774 | D:12     | Noticed a deep elf mage
 11774 | D:12     | Noticed a deep elf mage
 11774 | D:12     | Noticed a deep elf mage
 11774 | D:12     | Noticed a deep elf mage
 11909 | Lair:1   | Entered Level 1 of the Lair of Beasts
 12047 | Lair:1   | Reached skill level 5 in Fire Magic
 12078 | Lair:1   | Reached ***** piety under Vehumet
 12080 | Lair:1   | Offered knowledge of Bolt of Cold by Vehumet.
 12215 | Lair:1   | Noticed a five-headed hydra
 12232 | Lair:1   | Killed a five-headed hydra
 12415 | Lair:1   | Reached skill level 15 in Conjurations
 12639 | Lair:1   | Reached XP level 12. HP: 59/59 MP: 21/30
 12774 | Lair:2   | Noticed a five-headed hydra
 12778 | Lair:2   | Killed a five-headed hydra
 13101 | Lair:2   | Noticed Sonja
 13104 | Lair:2   | Killed Sonja
 13457 | Lair:2   | Reached skill level 16 in Conjurations
 13877 | Lair:3   | Offered knowledge of Irradiate by Vehumet.
 13885 | Lair:3   | Learned a level 5 spell: Irradiate
 13949 | Lair:3   | Noticed an eight-headed hydra
 13955 | Lair:3   | Killed an eight-headed hydra
 13955 | Lair:3   | Reached skill level 10 in Fire Magic
 14390 | Lair:4   | Found a staircase to the Swamp.
 15018 | Lair:4   | Reached XP level 13. HP: 59/63 MP: 29/31
 15119 | Lair:4   | Reached skill level 17 in Conjurations
 15262 | Lair:4   | Found a staircase to the Snake Pit.
 15653 | Lair:5   | Offered knowledge of Lightning Bolt by Vehumet.
 16721 | Lair:6   | Noticed Snorg
 16748 | Lair:6   | Killed Snorg
 16825 | Lair:6   | Found a dark tunnel.
 16859 | Volcano  | Entered a volcano
 17219 | Volcano  | HP: 1/63 [centaur warrior/arrow (3)]
 17356 | Lair:6   | Offered knowledge of Bolt of Fire by Vehumet.
 17572 | Lair:6   | Reached skill level 18 in Conjurations
 18113 | Lair:6   | Found a staircase to the Slime Pits.
 18281 | Lair:7   | Learned a level 6 spell: Bolt of Fire
 18398 | Lair:7   | Reached skill level 1 in Fighting
 18794 | Lair:7   | Reached XP level 14. HP: 34/72 MP: 19/32
 19165 | Lair:7   | Offered knowledge of Freezing Cloud by Vehumet.
 19199 | Lair:7   | Reached XP level 15. HP: 76/76 MP: 33/33
 19416 | Lair:8   | Entered Level 8 of the Lair of Beasts
 19914 | Lair:8   | Slain by an eight-headed hydra

Vault maps used:
D:1:      shiori_arrival_elements, cheibriados_altar_1
D:2:      tgw_xom
D:3:      elyvilon_altar_5, lemuel_crystal_altar
D:4:      grunt_temple_overflow_bloody_war, kennysheep_mini_moat,
          lemuel_coloured_pillars_altar, first_bread, serial_shops, shop,
          nicolae_ossuary_entry_false_entrances, uniq_duvessa, uniq_eustachio,
          uniq_robin
D:5:      lemuel_crystal_altar, minmay_temple_entry_enclosed_plants,
          portal_sewer_entry_e
D:6:      nicolae_ashenzari_panopticon, serial_shops, shop,
          makhleb_altar_promises_db
D:7:      nicolae_qazlal_eye_of_the_storm
D:8:      overflow_temple_1_default, nicolae_tso_carved_into_rock,
          hangedman_pestilent_swarm, uniq_maurice
D:9:      lemuel_doored_altar, orc_0_dummy, grunt_pakellas_salt
D:11:     serial_shops, shop
D:12:     elves_outpost_lemuel, uniq_urug, uniq_josephine, uniq_psyche
Temple:   nicolae_temple_no_exploring_needed
Lair:1:   grunt_megastairs_2
Lair:2:   lemuel_slime, st_stairs_5, uniq_sonja
Lair:4:   erik_1, minmay_swamp_entry_eels, minmay_lair_drake_nest
Lair:5:   kennysheep_abandoned_house, grunt_megastairs_5
Lair:6:   dpeg_slime_entry_corner, special_room, nicolae_volcano_entry_hallway,
          grunt_megastairs_1, lemuel_fruit_tree, uniq_snorg
Lair:8:   hangedman_lair_caniforms_friends, infiniplex_staircase_pool,
          lemuel_fruit_fields
Sewer:    sewer_co_cracked_pipes
Ossuary:  ossuary_the_hunt_dpeg
Volcano:  volcano_pools

Action                   |  1- 3 |  4- 6 |  7- 9 | 10-12 | 13-15 || total
-------------------------+-------+-------+-------+-------+-------++-------
Melee: Club              |       |    39 |    51 |       |       ||    90
       Staff             |       |       |       |     5 |    16 ||    21
 Fire: Blowgun           |       |       |       |     2 |     2 ||     4
 Cast: Magic Dart        |    88 |   104 |   221 |   209 |     3 ||   625
       Dazzling Spray    |       |    12 |    32 |   150 |   244 ||   438
       Iskenderun's Myst |       |     4 |       |    11 |       ||    15
       Searing Ray       |       |     3 |       |     7 |     5 ||    15
       Iskenderun's Batt |       |       |    27 |    61 |    38 ||   126
       Throw Flame       |       |       |     3 |   142 |   176 ||   321
       Shock             |       |       |       |     6 |     2 ||     8
       Irradiate         |       |       |       |       |     3 ||     3
  Use: Scroll            |     4 |    10 |     7 |    12 |     9 ||    42
       Potion            |       |     9 |       |     1 |     6 ||    16
 Stab: Sleeping          |       |     1 |       |       |       ||     1
       Invisible         |       |     1 |       |       |       ||     1
       Petrifying        |       |       |     2 |       |       ||     2
  Eat: Chunk             |     3 |     6 |    20 |    22 |    14 ||    65
       Fruit             |       |     1 |       |     2 |       ||     3
